 Dungeon Crawl Stone Soup version 0.19-a0-1682-g5114f93 (webtiles) character file.

136 sveltemanboy the Ducker (level 4, -1/36 HPs)
             Began as a Demonspawn Gladiator on Sept 24, 2016.
             Killed from afar by Kalmarka's ghost (8 damage)
             ... with a spray of energy
             ... on level 3 of the Dungeon.
             The game lasted 00:07:11 (3260 turns).

sveltemanboy the Ducker (Demonspawn Gladiator)      Turns: 3260, Time: 00:07:11

Health: -1/36      AC:  5    Str: 12 (14) XL:     4   Next: 98%
Magic:  4/4        EV: 11    Int:  7 (10) God:
Gold:   134        SH:  0    Dex: 11 (13) Spells: 0 memorised, 3 levels left

rFire  + . .     SeeInvis .     a - +0 long sword
rCold  . . .     Gourm    .     r - +0 ring mail
rNeg   . . .     Faith    .     (no shield)
rPois  .         Spirit   .     (helmet restricted)
rElec  .         Dismiss  +     (no cloak)
rCorr  .         Reflect  .     (no gloves)
MR     .....     Harm     .     (no boots)
Stlth  ..........               i - amulet of dismissal
                                (no ring)
                                q - ring of protection from fire

@: glowing
A: antennae 1, rugged brown scales 1, deformed body, sense surroundings 1, weak
1, subdued magic 1
a: no special abilities


You were on level 3 of the Dungeon.
You were hungry.

You visited 1 branch of the dungeon, and saw 3 of its levels.

You collected 134 gold pieces.

Inventory:

Hand Weapons
 a - a +0 long sword (weapon)
Missiles
 d - a throwing net
 k - 88 stones (quivered)
Armour
 r - a +0 ring mail (worn)
Jewellery
 i - an amulet of dismissal (around neck)
 q - a ring of protection from fire (left hand)
Scrolls
 e - 2 scrolls of enchant armour {unknown}
 h - a scroll of remove curse {unknown}
 j - 2 scrolls of identify {unknown}
 m - a scroll of magic mapping
 n - a scroll of noise {unknown}
Potions
 p - a potion of degeneration
Comestibles
 f - a bread ration
 g - a beef jerky
 o - a meat ration


   Skills:
 + Level 3.0 Fighting
 - Level 2.6 Long Blades
 - Level 1.7 Throwing
 * Level 3.0 Armour
 + Level 3.3 Dodging


You had 3 spell levels left.
You didn't know any spells.

Dungeon Overview and Level Annotations

Branches:
Dungeon (3/15)

Altars:

Annotations:
D:3 Kalmarka's ghost, amateur SpEn; Natasha


Innate Abilities, Weirdness & Mutations

You have a pair of small antennae on your head.
You are partially covered in rugged brown scales. (AC +1, +3% HP)
Armour fits poorly on your strangely shaped body.
You passively map a small area around you.
You are weak. (Str -2)
Your spells are a little easier to cast, but a little less powerful.


Message History

Kalmarka's ghost barely misses you. Kalmarka's ghost hits you.
You hit Kalmarka's ghost.
Kalmarka's ghost is heavily damaged.
Kalmarka's ghost hits you.
You closely miss Kalmarka's ghost.
Kalmarka's ghost is heavily damaged.
Kalmarka's ghost hits you.
* * * LOW HITPOINT WARNING * * *
You closely miss Kalmarka's ghost.
Kalmarka's ghost is heavily damaged.
Kalmarka's ghost completely misses you.
You riposte.
You closely miss Kalmarka's ghost.
Kalmarka's ghost is heavily damaged.
You hit Kalmarka's ghost.
Kalmarka's ghost is heavily damaged.
Kalmarka's ghost hits you.
* * * LOW HITPOINT WARNING * * *
Kalmarka's ghost casts a spell at you. The spray of energy hits you!
You die...

* , ..#..#
,* , , * ,,
..#o. * ,
.... . ,, ,
..# * , ...
, ##.# ** ,*
,
.#...###.#*
#* ***
........o#
*.#
*##.#####W##
*#.# , ##@##
##.#* * *
##.###.# *,
*, ##....# ,
##.#.# *
#.#.# *,
#.#.## * #
#.# #....#
.# #.#
###..###...
, #.#
#.......# *


You could see Kalmarka's ghost and an orc.

Vanquished Creatures
  Robin (D:2)
  5 adders (D:2)
  A worm (D:2)
  A dart slug (D:1)
  2 leopard geckos
  5 orcs (D:3)
  4 bats
  3 giant cockroaches (D:2)
  10 hobgoblins
  4 jackals (D:1)
  3 frilled lizards
  16 goblins
  8 kobolds
  4 rats
  A bush (D:1)
  A toadstool (D:1)
69 creatures vanquished.

Vanquished Creatures (others)
  3 toadstools (D:1)
3 creatures vanquished.

Grand Total: 72 creatures vanquished

Notes
Turn   | Place    | Note
-------+----------+-------------------------------------------
     0 | D:1      | sveltemanboy the Demonspawn Gladiator began the quest for the Orb.
     0 | D:1      | Reached XP level 1. HP: 16/16 MP: 1/1
   114 | D:1      | Reached skill level 1 in Armour
   114 | D:1      | Gained mutation: You have a pair of small antennae on your head. [demonic ancestry]
   114 | D:1      | Reached XP level 2. HP: 20/22 MP: 2/2
   361 | D:1      | You fall through a shaft!
   361 | D:2      | Noticed Robin
   713 | D:1      | Reached XP level 3. HP: 26/28 MP: 3/3
  1399 | D:2      | Killed Robin
  1842 | D:2      | Gained mutation: You are partially covered in rugged brown scales. (AC +1, +3% HP) [demonic ancestry]
  1842 | D:2      | Reached XP level 4. HP: 28/35 MP: 4/4
  2879 | D:3      | Noticed Natasha
  2898 | D:3      | Gained mutation: You are agile. (Dex +2) [potion of mutation]
  2898 | D:3      | Gained mutation: You passively map a small area around you. [potion of mutation]
  2898 | D:3      | Lost mutation: You are agile. (Dex +2) [potion of mutation]
  2902 | D:3      | Gained mutation: You are weak. (Str -2) [potion of mutation]
  2902 | D:3      | Gained mutation: Armour fits poorly on your strangely shaped body. [potion of mutation]
  2902 | D:3      | Gained mutation: Your spells are a little easier to cast, but a little less powerful. [potion of mutation]
  3196 | D:3      | Noticed Kalmarka's ghost (amateur SpEn)
  3260 | D:3      | Killed from afar by Kalmarka's ghost

Vault maps used:
D:1:      ldierk_water_garden, serial_forest, infiniplex_forest_straight_1,
          infiniplex_forest_straight_4, infiniplex_forest_clump_double,
          infiniplex_forest_corner_1, infiniplex_forest_lined_room_2,
          infiniplex_forest_diagonal, infiniplex_forest_end_3,
          infiniplex_forest_clump_long, infiniplex_forest_clump_small,
          patterned_corridor
D:2:      mumra_celtic_spiral_tile, uniq_robin
D:3:      uniq_natasha

Skill      XL: |  1  2  3  4 |
---------------+-------------+-----
Armour         | 1 2 3 |  3.0
Dodging        | 3 |  3.3
Fighting       | 3 |  3.0
Long Blades    | |  2.6
Throwing       | |  1.7

Action                   |  1- 3 |  4- 6 || total
-------------------------+-------+-------++-------
Melee: Long sword        |   300 |   149 ||   449
Throw: Throwing net      |     2 |     3 ||     5
       Stone             |       |    10 ||    10
  Use: Scroll            |     2 |       ||     2
       Potion            |       |     6 ||     6
  Eat: Chunk             |     4 |     4 ||     8
Armor: Leather armour    |    33 |    14 ||    47
       Skin              |       |    35 ||    35
       Ring mail         |       |    18 ||    18
Dodge: Dodged            |    81 |    78 ||   159
